 Dungeon Sprint DCSS version 0.29-a0-337-g68df138881 (webtiles) character file.

Game seed: 17130144384259951272

126 mhtbhm the Skirmisher (level 4, -4/45 HPs)
             Began as a Draconian Berserker on Apr 16, 2022.
             Was a Priest of Trog.
             Slain by a hound (5 damage)
             ... in the Dungeon (Sprint IX: "|||||||||||||||||||||||||||||").
             The game lasted 00:00:14 (241 turns).

mhtbhm the Skirmisher (Draconian Berserker)          Turns: 241, Time: 00:00:15

Health: -4/45      AC:  5    Str: 21    XL:     4   Next: 83%
Magic:  4/4        EV: 13    Int:  8    God:    Trog [***...]
Gold:   0          SH:  0    Dex: 10    Spells: 3/3 levels left

rFire   . . .      SeeInvis .   a - +0 spear
rCold   . . .      Faith    .   (no shield)
rNeg    . . .      Spirit   .   (body armour unavailable)
rPois   .          Reflect  .   (helmet restricted)
rElec   .          Harm     .   (no cloak)
rCorr   .          Rampage  .   (no gloves)
Will    .....      NoTele   +   (no boots)
Stlth   +.........              (no amulet)
HPRegen 0.15/turn               (no ring)
MPRegen 0.09/turn               (no ring)

@: on berserk cooldown, slowed, very slow
A: AC +5, unfitting armour, cold-blooded
a: Renounce Religion, Berserk, Trog's Hand


You were in the Dungeon.
You worshipped Trog.
Trog was most pleased with you.
You visited 1 branch

Inventory:

Hand Weapons
 a - a +0 spear (weapon)
Scrolls
 g - a scroll of blinking
Potions
 b - a potion of curing
 d - a potion of haste
 e - 2 potions of magic
 f - a potion of berserk rage


   Skills:
 + Level 6.7 Fighting
 + Level 6.3 Polearms
 + Level 5.6 Dodging
 + Level 1.3 Stealth


You had 3 spell levels left.
You didn't know any spells.
Your spell library was empty.

Dungeon Overview and Level Annotations

Branches:
Dungeon (1/1)

Altars:


Innate Abilities, Weirdness & Mutations

Your plain brown scales are hard. (AC +5)
You cannot fit into any form of body armour.
You are cold-blooded and may be slowed by cold attacks.


Message History

Your life force feels restored.
Your Fighting skill increases to level 6!
Your Polearms skill increases to level 6!
Your Dodging skill increases to level 5!
Your Stealth skill increases to level 1!
You have reached level 4!
You feel clever.
You hit the hound.
The hound is moderately wounded.
The hound barely misses you.
You hit the hound but do no damage.
Your tail-slap misses the hound.
The hound is moderately wounded.
The hound bites you but does no damage. x2
You closely miss the hound.
The hound is moderately wounded.
The hound closely misses you. The hound misses you.
You barely miss the hound.
Your tail-slap misses the hound.
The hound is moderately wounded.
The hound bites you.
* * * LOW HITPOINT WARNING * * *
The hound bites you but does no damage.
You barely miss the hound.
The hound is moderately wounded.
The hound bites you.
* * * LOW HITPOINT WARNING * * *
You barely miss the hound.
The hound is moderately wounded.
The hound bites you.
* * * LOW HITPOINT WARNING * * *
The hound bites you.
* * * LOW HITPOINT WARNING * * *
You closely miss the hound.
The hound is moderately wounded.
The hound bites you.
* * * LOW HITPOINT WARNING * * *
The hound bites you but does no damage.
You closely miss the hound. You tail-slap the hound.
The hound is severely wounded.
The hound bites you.
You die...

▓+▓
▓.▓
▓.▓
▓.▓
▓.▓
▓h▓
▓@▓
▓.▓
▓.▓
▓.▓
▓.▓
▓.▓
▓÷▓
▓.▓
▓.▓


You could see a hound.

Vanquished Creatures
  A necrophage (D)
  A jelly (D)
  An iguana (D)
  An orc (D)
  A bat (D)
  An endoplasm (D)
  A giant cockroach (D)
  A ball python (D)
  A rat (D)
9 creatures vanquished.

Notes
Turn   | Place    | Note
-------+----------+-------------------------------------------
     0 | D        | mhtbhm the Draconian Berserker began the quest for the Orb.
     0 | D        | Reached XP level 1. HP: 19/19 MP: 1/1
    10 | D        | Reached ** piety under Trog
   202 | D        | Noticed a hound
   202 | D        | Noticed a necrophage
   202 | D        | Noticed a jelly
   202 | D        | Noticed an iguana
   211 | D        | Killed an iguana
   211 | D        | Reached *** piety under Trog
   212 | D        | Reached skill level 5 in Fighting
   212 | D        | Reached XP level 2. HP: 29/29 MP: 2/2
   212 | D        | Reached XP level 3. HP: 36/36 MP: 3/3
   214 | D        | Reached skill level 5 in Polearms
   233 | D        | Killed a necrophage
   234 | D        | Reached skill level 5 in Dodging
   234 | D        | Reached skill level 1 in Stealth
   234 | D        | Reached XP level 4. HP: 17/45 MP: 4/4
   239 | D        | HP: 2/45 [hound (3)]
   241 | D        | Slain by a hound

Illustrated notes

Levels and vault maps discovered:
D:        linesprint [early_d, line_temple, items_1, d_10, items_2, lair_1,
          lair_end, items_3, orc_1, orc_end, items_4, d_15, swamp_1, shoals_1,
          snake_1, spider_1, d_20, vaults_1, items_5, swamp_end, shoals_end,
          snake_end, spider_end, vaults_end, d_27, items_6, zot_1, zot_end,
          crypt_end, forest_end, elf_end, slime_end, tomb_end, abyss_end,
          pan_hell_end]

Skill      XL: |  1  2  3 |
---------------+----------+-----
Dodging        | 4 5 |  5.6
Fighting       | 5 6 |  6.7
Polearms       | 4 6 |  6.3
Stealth        | 1 |  1.3

Action                   |  1- 3 |  4- 6 || total
-------------------------+-------+-------++-------
Melee: Spear             |    41 |     8 ||    49
       Tailslap          |     4 |     1 ||     5
       Punch             |     1 |       ||     1
Invok: Berserk           |     1 |       ||     1
  Use: Potion            |     1 |       ||     1
 Stab: Sleeping          |     1 |       ||     1
Armor: Skin              |     5 |     4 ||     9
Dodge: Dodged            |    22 |     3 ||    25

Table legend: (Time is in decaauts)
 A = Elapsed time spent in this place.
 B = Non-inter-level travel time spent in this place.
 C = Inter-level travel time spent in this place.
 D = Time resting spent in this place.
 E = Time spent auto-exploring this place.
 F = Levels seen in this place.
 G = Mean time per level.
                   A        B        C        D        E       F      G
               +--------+--------+--------+--------+--------+-----+--------+
         Total |    241 |    241 |      0 |    180 |      3 |   1 |  241.0 |
       Dungeon |    241 |    241 |      0 |    180 |      3 |   1 |  241.0 |
               +--------+--------+--------+--------+--------+-----+--------+

Top non-repeatable levels by time:
       D: 241 daAuts
